AoeStats
← Jason

Arena

509975292Analyzed
1v1 RM · 4d ago on Sep 28, 2026· 38m 20s· 2 players
Game mode
Random Map
Map size
Tiny (2 player)
Population
200
Speed
Normal
Resources
Standard
Victory
Conquest
Starting age
Dark Age
Ending age
Imperial Age
RankedLock teamsTeams togetherTeam positionsShared explorationLock speedFull tech treeHidden civsTurbo modeCheats
Victory
Defeat
🇺🇸 Britons · United States
759
+18
🇫🇷 Koreans · France
800
-18
Jason
9:44 Feudal Age
10:43 Double-Bit Axe
16:25 Castle Age
15:14 Fletching
15:35 Forging
17:23 Bow Saw
17:19 Pikeman
18:57 Horse Collar
20:07 Bodkin Arrow
25:10 Ballistics
25:39 Wheelbarrow
25:18 Crossbowman
26:48 Iron Casting
28:40 Heavy Plow
33:38 Imperial Age
34:05 Hand Cart
35:06 Halberdier
37:27 Chemistry
36:31 Bracer
37:58 Masonry
37:54 Siege Engineers
37:31 Treadmill Crane
37:46 Arbalester
Didier-Khaled
5:11 Loom
10:15 Feudal Age
17:07 Castle Age
15:45 Double-Bit Axe
19:06 Stone Mining
30:23 Imperial Age
28:44 Wheelbarrow
32:53 Chemistry
32:14 Hand Cart
31:31 Cavalier
33:38 Eupseong
36:10 Shinkichon
36:49 Ballistics
36:20 Heated Shot
36:34 Murder Holes
37:54 Scale Barding Armor
37:59 Forging
37:50 Scale Mail Armor
Connection lost

Rejoining the realm…

Still unreachable

The connection could not be restored.

Session expired

The server has moved on; the page needs a fresh start.